 Dungeon Crawl Stone Soup version 0.28-a0-998-gb9e9c7b67e (webtiles) character file.

Game seed: 9723836192473454765

1668 leviel the Nimble (level 9, -14/62 HPs)
             Began as an Octopode Fighter on Dec 5, 2021.
             Demolished by Harold (22 damage)
             ... on level 7 of the Dungeon.
             The game lasted 00:09:40 (7658 turns).

leviel the Nimble (Octopode Fighter)                Turns: 7658, Time: 00:09:41

Health: -14/62     AC:  1    Str: 19    XL:     9   Next: 1%
Magic:  9/9        EV: 16    Int: 10    God:
Gold:   366        SH: 10    Dex: 12    Spells: 8/8 levels left

rFire   . . .      SeeInvis .   a - +0 rapier
rCold   . . .      Faith    .   b - +0 buckler
rNeg    . . .      Spirit   .   (helmet restricted)
rPois   .          Reflect  +   f - amulet of reflection
rElec   .          Harm     .   (no ring)
rCorr   .          Rampage  .   (no ring)
Will    .....                   (no ring)
Stlth   ++........              (no ring)
HPRegen 0.20/turn               (no ring)
MPRegen 0.11/turn               (no ring)
                                (no ring)
                                (no ring)

@: mighty
A: almost no armour, amphibious, 8 rings, camouflage 1, gelatinous body 1,
(nimble swimmer 1), tentacles
a: no special abilities


You were on level 7 of the Dungeon.
You visited 1 branch of the dungeon, and saw 7 of its levels.

You collected 366 gold pieces.

Inventory:

Hand Weapons
 a - a +0 rapier (weapon)
Armour
 b - a +0 buckler (worn)
Jewellery
 e - an amulet of guardian spirit
 f - an amulet of reflection (around mantle)
 j - a ring of fire {rF+ rC-}
 w - a +6 ring of dexterity
Scrolls
 d - 5 scrolls of identify {@r1}
 h - 3 scrolls of fear {unknown}
 k - 3 scrolls of teleportation
 n - a scroll of vulnerability {unknown}
 o - a scroll of fog
 p - a scroll of blinking {unknown}
 q - a scroll of noise {unknown}
 r - 2 scrolls of immolation {unknown}
 s - a scroll of enchant armour {unknown}
Potions
 g - a potion of cancellation
 i - a potion of flight
 l - a potion of invisibility {unknown}
 m - 2 potions of curing {unknown}
 t - a potion of magic {unknown}
 u - a potion of lignification {unknown}
 v - a potion of brilliance {unknown}


   Skills:
 + Level 6.1 Fighting
 + Level 5.7 Short Blades
 * Level 8.2 Dodging
 - Level 4.0 Shields


You had 8 spell levels left.
You didn't know any spells.
Your spell library contained the following spells:

 Spells                   Type           Power      Damage    Failure   Level
 Sandblast                Erth           0%         2d4       36%         1
 Summon Small Mammal      Summ           0%         N/A       36%         1
 Passwall                 Tmut/Erth      0%         N/A       50%         2
 Call Canine Familiar     Summ           0%         N/A       75%         3
 Inner Flame              Hex/Fire       0%         N/A       75%         3
 Stone Arrow              Conj/Erth      0%         3d7       75%         3
 Summon Guardian Golem    Hex/Summ       0%         N/A       75%         3
 Cause Fear               Hex            0%         N/A       98%         4
 Discord                  Hex            0%         N/A       100%        8


Dungeon Overview and Level Annotations

Branches:
Dungeon (7/15)
 Temple: D:4-7

Altars:
Makhleb
Ru
Uskayaw
Vehumet
Xom
The Shining One

Annotations:
D:6 2 runed translucent doors, enile's ghost, novice TeSu
D:7 Harold


Innate Abilities, Weirdness & Mutations

You cannot wear most types of armour.
You are amphibious.
You can wear up to eight rings at the same time.
Your skin changes colour to match your surroundings (Stealth+).
Your rubbery body absorbs attacks. (AC +1, EV +1)
((You are camouflaged near water. (Stealth+)))
You have tentacles for arms and can constrict up to eight enemies at once.


Message History

You are held in a net!
You are held in a net!
You are held in a net!
You struggle against the net.
You constrict Maggie.
Maggie hits you with a +2 war axe of distortion!
You struggle against the net.
You constrict Maggie. Harold fires a harpoon shot at you.
The harpoon shot hits you!
You are yanked forward by the harpoon shot.
You block Maggie's attack.
You release your grip on Maggie.
You block Harold's attack.
Maggie gestures wildly while chanting.
Maggie draws you further into her thrall.
You puncture Maggie! You grab Maggie. You squeeze Maggie!
Maggie is heavily wounded.
You constrict Maggie, but do no damage. You puncture Maggie!
You squeeze Maggie!
Maggie is almost dead.
You constrict Maggie. You block Harold's attack. You block Maggie's attack.
You completely miss Maggie.
Maggie is almost dead.
You constrict Maggie. Harold misses you. Maggie gestures at you while chanting.
The bolt of fire hits you!!
* * * LOW HITPOINT WARNING * * *
You puncture Maggie!
You are no longer entranced.
You kill Maggie!
Harold closely misses you.
Your Fighting skill increases to level 6!
Your Dodging skill increases to level 8!
You have reached level 9!
Your experience leads to an increase in your attributes!
Increase (S)trength, (I)ntelligence, or (D)exterity?
You feel stronger. x2
Okay, then.
You puncture Harold! Your grab misses Harold.
Harold is lightly wounded.
Harold hits you with a +0 hand axe!!
You die...

...... ....
........#. ...
........#. ...
.........# ..
.........[.##.#
...........#..#
.....).....#..#
.....>....)@..#
.......##(:@.##
.....##.##.##
#.......#
#.[..####
###<## ###


You could see Harold (resistant).

Vanquished Creatures
  A centaur zombie (D:6)
  Maggie (D:7)
  Grinder (D:4)
  4 ogres
  2 hounds
  A bullfrog zombie (D:5)
  2 centaur skeletons (D:6)
  2 jellies
  Crazy Yiuf (D:5)
  2 orc wizards (D:5)
  A howler monkey skeleton (D:4)
  5 gnolls
  7 adders
  A worm (D:2)
  An adder skeleton (D:5)
  A dart slug (D:1)
  19 orcs
  5 ball pythons
  7 endoplasms
  3 giant cockroaches
  3 goblins (D:2)
  4 hobgoblins
  7 jackals
  3 quokkas
  7 bats
  5 frilled lizards
  5 kobolds
  5 rats
106 creatures vanquished.

Vanquished Creatures (others)
  A plant (D:2)
1 creature vanquished.

Grand Total: 107 creatures vanquished

Notes
Turn   | Place    | Note
-------+----------+-------------------------------------------
     0 | D:1      | leviel the Octopode Fighter began the quest for the Orb.
     0 | D:1      | Reached XP level 1. HP: 16/16 MP: 1/1
   303 | D:1      | Reached XP level 2. HP: 21/21 MP: 2/2
   871 | D:1      | Reached XP level 3. HP: 23/26 MP: 3/3
  1460 | D:2      | Reached XP level 4. HP: 31/31 MP: 4/4
  1746 | D:2      | Reached skill level 4 in Dodging
  2024 | D:2      | Found a faded altar of an unknown god.
  2741 | D:3      | Reached XP level 5. HP: 36/36 MP: 5/5
  3186 | D:4      | Noticed an ogre
  3194 | D:4      | Killed an ogre
  3337 | D:4      | Reached XP level 6. HP: 15/43 MP: 6/6
  3735 | D:4      | Noticed Grinder
  3742 | D:4      | Killed Grinder
  3743 | D:4      | Reached skill level 5 in Dodging
  3743 | D:4      | Reached XP level 7. HP: 32/49 MP: 7/7
  3905 | D:4      | Found a burning altar of Makhleb.
  3905 | D:4      | Found a shimmering altar of Xom.
  3906 | D:4      | Found a hide-covered altar of Uskayaw.
  4353 | D:4      | Found a radiant altar of Vehumet.
  4572 | D:5      | Entered Level 5 of the Dungeon
  4878 | D:5      | Reached skill level 6 in Dodging
  5356 | D:5      | HP: 1/49 [ogre (22)]
  5358 | D:5      | Reached skill level 5 in Fighting
  6038 | D:5      | Found a runed translucent door.
  6039 | D:5      | Noticed Crazy Yiuf
  6098 | D:5      | Found a glowing golden altar of the Shining One.
  6204 | D:5      | Killed Crazy Yiuf
  6379 | D:5      | Reached XP level 8. HP: 41/55 MP: 8/8
  6485 | D:6      | HP: 2/55 [centaur warrior zombie (1)]
  6492 | D:6      | Reached skill level 5 in Short Blades
  6492 | D:6      | Reached skill level 7 in Dodging
  6731 | D:6      | Found a sacrificial altar of Ru.
  7171 | D:6      | Found a runed translucent door.
  7172 | D:6      | Noticed enile's ghost (novice TeSu)
  7375 | D:6      | Found a runed translucent door.
  7643 | D:7      | Noticed Maggie
  7647 | D:7      | Noticed Harold
  7657 | D:7      | Killed Maggie
  7658 | D:7      | Reached skill level 8 in Dodging
  7658 | D:7      | Reached XP level 9. HP: 8/62 MP: 9/9
  7658 | D:7      | Demolished by Harold

Illustrated notes

Levels and vault maps discovered:
D:1:      dpeg_arrival_ternary, layout_loops_corners
D:2:      minmay_inner_zag, layout_rooms, serial_forest,
          infiniplex_forest_lined_2, infiniplex_forest_straight_2,
          infiniplex_forest_lined_3, infiniplex_forest_join,
          infiniplex_forest_3_way, infiniplex_forest_clump_small,
          infiniplex_forest_lined_3_way, infiniplex_forest_corner_1,
          chequers_ecumenical_altar_lobes, grunt_ministairs_5,
          minmay_randomly_rotated_circles
D:3:      layout_loops_cross
D:4:      layout_gridville, mainiacjoe_overflow_cross_hatched,
          gammafunk_temple_overflow_claw, uniq_grinder
D:5:      layout_basic, tso_oasis_becter, uniq_crazy_yiuf_cottage
D:6:      layout_loops_ring, old_standard_altar, ebering_ghost_sewer_f,
          lemuel_flamethrower_2
D:7:      layout_cave_pools, temple_hall, serial_shops, nicolae_shop_crystal,
          nicolae_lava_and_water, nicolae_island_escapes, uniq_harold,
          uniq_maggie

Skill      XL: |  1  2  3  4  5  6  7  8 |
---------------+-------------------------+-----
Dodging        | 4 5 6 8 |  8.2
Short Blades   | 3 4 5 |  5.7
Fighting       | 4 5 6 |  6.1
Shields        | 4 |  4.0

Action                   |  1- 3 |  4- 6 |  7- 9 || total
-------------------------+-------+-------+-------++-------
Melee: Rapier            |    62 |    76 |   126 ||   264
       Constrict         |    18 |    20 |    21 ||    59
       Tentacles         |    10 |    22 |    35 ||    67
  Use: Scroll            |       |     6 |       ||     6
       Potion            |       |     2 |     2 ||     4
 Stab: Sleeping          |    14 |     5 |     1 ||    20
Armor: Skin              |     8 |     4 |     5 ||    17
Dodge: Dodged            |    36 |    41 |    75 ||   152
Block: Buckler           |     9 |    17 |    65 ||    91
       Reflection        |       |       |     1 ||     1

Table legend: (Time is in decaauts)
 A = Elapsed time spent in this place.
 B = Non-inter-level travel time spent in this place.
 C = Inter-level travel time spent in this place.
 D = Time resting spent in this place.
 E = Time spent auto-exploring this place.
 F = Levels seen in this place.
 G = Mean time per level.
                   A        B        C        D        E       F      G
               +--------+--------+--------+--------+--------+-----+--------+
         Total |   7648 |   7394 |    254 |   1012 |   5602 |   7 | 1092.6 |
       Dungeon |   7648 |   7394 |    254 |   1012 |   5602 |   7 | 1092.6 |
               +--------+--------+--------+--------+--------+-----+--------+

Top non-repeatable levels by time:
     D:5: 1891 daAuts
     D:4: 1442 daAuts
     D:2: 1434 daAuts
     D:6: 1178 daAuts
     D:1: 987 daAuts
     D:3: 698 daAuts
     D:7: 14 daAuts
